 Dungeon Crawl Stone Soup version 0.18.1-48-g4cf74bf (webtiles) character file.

4412 Inkary the Fighter (level 10, -11/94 HPs)
             Began as a Minotaur Fighter on Aug 25, 2016.
             Was a Priest of Okawaru.
             Mangled by a manticore (19 damage)
             ... on level 9 of the Dungeon.
             The game lasted 00:13:10 (7556 turns).

Inkary the Fighter (Minotaur Fighter)               Turns: 7556, Time: 00:13:11

Health: -11/94     AC: 10    Str: 25    XL:     10   Next: 14%
Magic:  9/9        EV:  8    Int:  5    God:    Okawaru [***...]
Gold:   460        SH: 11    Dex: 14    Spells: 0 memorised, 9 levels left

rFire  . . .     SeeInvis +     L - +2 scimitar (flame)
rCold  . . .     Gourm    +     b - +0 scale mail
rNeg   . . .     Faith    .     c - +0 shield
rPois  +         Spirit   .     (helmet restricted)
rElec  .         Dismiss  .     u - +0 cloak
rCorr  .         Reflect  .     (no gloves)
SustAt .         Harm     .     (no boots)
MR     .....                    w - amulet of the gourmand
Stlth  ..........               d - ring of poison resistance
                                a - ring of see invisible

@: mighty, manticore barbs, flying, not resistant to hostile enchantments,
extremely unstealthy
A: retaliatory headbutt, horns 2
a: Heroism, Renounce Religion


You were on level 9 of the Dungeon.
You worshipped Okawaru.
Okawaru was most pleased with you.
You were completely stuffed.

You visited 2 branches of the dungeon, and saw 10 of its levels.

You collected 460 gold pieces.

Inventory:

Hand Weapons
 z - a +0 flail of protection
 L - a +2 scimitar of flaming (weapon)
Missiles
 t - a throwing net (quivered)
Armour
 b - a +0 scale mail (worn)
 c - a +0 shield (worn)
 u - a +0 cloak (worn)
Magical Staves
 J - an uncursed staff of death
Jewellery
 a - a ring of see invisible (left hand)
 d - a ring of poison resistance (right hand)
 w - an amulet of the gourmand (around neck)
 E - a cursed ring of teleportation {unknown}
Wands
 A - a wand of acid (4/15)
 D - a wand of confusion (33/48)
 G - a wand of confusion (34/48)
Scrolls
 e - 6 scrolls of remove curse {unknown}
 i - a scroll of noise {unknown}
 j - a scroll of immolation {unknown}
 k - 9 scrolls of teleportation {unknown}
 m - 7 scrolls of identify {unknown}
 q - 2 scrolls of enchant weapon {unknown}
 r - 2 scrolls of fear {unknown}
 s - 2 scrolls of amnesia {unknown}
 y - a scroll of recharging {unknown}
 B - a scroll of torment {unknown}
 H - a scroll of random uselessness {unknown}
Potions
 l - a potion of brilliance
 o - a potion of agility
 p - a potion of mutation {unknown}
 M - a potion of resistance {unknown}
Books
 I - a book of Callings

   Spells                             Type                      Level
   a - Summon Small Mammal            Summoning                    1
   b - Call Imp                       Summoning                    2
   c - Call Canine Familiar           Summoning                    3
   d - Summon Guardian Golem          Hexes/Summoning              3
   e - Summon Lightning Spire         Summoning/Air                4
   f - Summon Ice Beast               Ice/Summoning                4
Comestibles
 f - 11 bread rations
 g - 7 meat rations
 h - 4 beef jerkies
 v - 8 fruits
 x - a slice of pizza


   Skills:
 + Level 10.5 Fighting
 + Level 7.4 Long Blades
 - Level 6.1(6.5) Maces & Flails
 - Level 3.0(5.0) Staves
 - Level 10.3 Armour
 + Level 5.7 Shields


You had 9 spell levels left.
You didn't know any spells.

Dungeon Overview and Level Annotations

Branches:
Dungeon (9/15)             Temple (1/1) D:6
   Lair: D:8-11         Orc: D:9-12

Altars:
Ashenzari
Cheibriados
Elyvilon
Fedhas
Gozag
Kikubaaqudgha
Nemelex Xobeh
Okawaru
Pakellas
Qazlal
Ru
Sif Muna
Trog
Vehumet
Xom
Yredelemnul
Zin
The Shining One

Shops:
D:6 =   D:7 [   D:8 :


Innate Abilities, Weirdness & Mutations

You reflexively headbutt those who attack you in melee.
You have a pair of horns on your head.


Message History

Drink which item? (? for menu, Esc to quit)
It was a potion of flight.
You feel very buoyant.
You fly up into the air.
You block the ice beast's attack. You block the manticore's attack.
The manticore claws you!
* * * LOW HITPOINT WARNING * * *
The manticore claws you but does no damage.
Drink which item? (? for menu, Esc to quit)
It was a potion of magic.
Magic courses through your body. You block the manticore's attack.
The manticore claws you but does no damage.
You block the manticore's attack.
The ice beast hits you but does no damage.
Drink which item? (? for menu, Esc to quit)
Okay, then.
Drink which item? (? for menu, Esc to quit)
You feel very mighty all of a sudden.
The ice beast hits you but does no damage.
The manticore bites you!!
You die...

#######
###.....#
##.......## ?
###.........#..
#.............#
#...<.........#
###...........#
#####@Y?.....
#......H.......
#.#####........
.........
#........
.........
#........
.........


You could see a manticore and an ice beast.

Vanquished Creatures
  Erica (D:8)
  Joseph (D:7)
  A two-headed ogre (D:8)
  A spriggan (D:7)
  The ghost of djnw the Digger, an amateur NaEE (D:4)
  Menkaure (D:7)
  2 ice beasts
  An orc warrior (D:8)
  A sky beast (D:5)
  3 ogres
  3 centaurs
  5 big kobolds (D:5)
  A giant frog (D:8)
  3 scorpions
  2 electric eels (D:6)
  2 crimson imps
  A jelly (D:8)
  A gnoll shaman (D:7)
  A centaur skeleton (D:5)
  2 hounds
  4 orc priests (D:8)
  4 iguanas
  9 orc wizards
  8 worker ants
  A hound zombie (D:7)
  Robin (D:2)
  8 gnolls
  9 adders
  2 shadow imps (D:8)
  An ooze (D:4)
  An adder zombie (D:5)
  4 worms
  4 dart slugs
  2 giant geckos
  35 orcs
  A ball python (D:3)
  6 giant cockroaches
  19 goblins
  9 hobgoblins
  11 jackals
  48 kobolds
  3 quokkas
  5 bats
  A giant gecko skeleton (D:6)
  6 giant newts
  10 rats
246 creatures vanquished.

Notes
Turn   | Place    | Note
--------------------------------------------------------------
     0 | D:1      | Inkary the Minotaur Fighter began the quest for the Orb.
     0 | D:1      | Reached XP level 1. HP: 19/19 MP: 0/0
   206 | D:1      | Reached XP level 2. HP: 25/27 MP: 1/1
   907 | D:2      | Found a sacrificial altar of Ru.
   975 | D:2      | Reached XP level 3. HP: 33/33 MP: 2/2
  1126 | D:2      | Noticed Robin
  1134 | D:2      | Killed Robin
  1201 | D:2      | Reached XP level 4. HP: 39/41 MP: 3/3
  2145 | D:3      | Reached skill level 5 in Fighting
  2499 | D:3      | Reached XP level 5. HP: 40/48 MP: 4/4
  2599 | D:4      | Reached skill level 5 in Armour
  2643 | D:4      | Noticed an ogre
  2649 | D:4      | Killed an ogre
  2649 | D:4      | Reached skill level 5 in Long Blades
  2649 | D:4      | Reached XP level 6. HP: 32/56 MP: 5/5
  2662 | D:4      | Found a snail-covered altar of Cheibriados.
  2788 | D:4      | Noticed djnw's ghost (amateur NaEE)
  2795 | D:4      | Killed djnw's ghost
  2795 | D:4      | Reached XP level 7. HP: 62/63 MP: 6/6
  3010 | D:5      | Entered Level 5 of the Dungeon
  3130 | D:5      | Found an opulent altar of Gozag.
  3523 | D:5      | Reached XP level 8. HP: 60/73 MP: 7/7
  3904 | D:5      | Reached skill level 1 in Maces & Flails
  4469 | D:6      | Found a staircase to the Ecumenical Temple.
  4473 | D:6      | Found Ysieriv's Jewellery Boutique.
  4494 | Temple   | Entered the Ecumenical Temple
  4558 | Temple   | Became a worshipper of Warmaster Okawaru
  5060 | D:6      | Reached * piety under Okawaru
  5118 | D:6      | Reached XP level 9. HP: 57/82 MP: 8/8
  5222 | D:6      | Found a deep blue altar of Sif Muna.
  5618 | D:7      | Found an oddly glowing altar of Pakellas.
  5618 | D:7      | Found a radiant altar of Vehumet.
  5715 | D:7      | Noticed Menkaure
  5728 | D:7      | Killed Menkaure
  6003 | D:7      | Found Lobb's Armour Shoppe.
  6341 | D:7      | Noticed Joseph
  6370 | D:7      | Killed Joseph
  6370 | D:7      | Reached ** piety under Okawaru
  6370 | D:7      | Reached skill level 5 in Maces & Flails
  6370 | D:7      | Reached skill level 10 in Armour
  6647 | D:8      | Reached skill level 10 in Fighting
  6726 | D:8      | Reached skill level 1 in Staves
  7107 | D:8      | Reached skill level 5 in Shields
  7150 | D:8      | Found Did Egae's Book Emporium.
  7211 | D:8      | Noticed Erica
  7239 | D:8      | Killed Erica
  7239 | D:8      | Reached *** piety under Okawaru
  7239 | D:8      | Reached XP level 10. HP: 72/94 MP: 7/9
  7490 | D:8      | Found a deep blue altar of Sif Muna.
  7546 | D:9      | Noticed a manticore
  7556 | D:9      | Mangled by a manticore

Skill      XL: |  1  2  3  4  5  6  7  8  9 |
---------------+----------------------------+-----
Armour         | 4 5 6 7 8 10 | 10.3
Fighting       | 4 5 6 7 8 10 | 10.5
Long Blades    | 3 4 5 6 7 |  7.4
Maces & Flails | 3 6 |  6.1
Shields        | 5 |  5.7
Staves         | 3 |  3.0

Action                   |  1- 3 |  4- 6 |  7- 9 | 10-12 || total
-------------------------+-------+-------+-------+-------++-------
Melee: Long sword        |    74 |   119 |   179 |       ||   372
       Headbutt          |     9 |    28 |   105 |     2 ||   144
       Flail             |       |       |   294 |       ||   294
       Staff             |       |       |    74 |       ||    74
       Scimitar          |       |       |       |    21 ||    21
Invok: Heroism           |       |       |     3 |       ||     3
  Use: Potion            |       |     2 |     3 |     4 ||     9
  Eat: Chunk             |     1 |     4 |    24 |     1 ||    30
       Pizza             |       |     1 |       |       ||     1
Armor: Scale mail        |    41 |    52 |   231 |    18 ||   342
Dodge: Dodged            |    31 |    41 |   209 |     2 ||   283
Block: Shield            |     1 |       |   164 |    10 ||   175
